 Dungeon Crawl Stone Soup version 0.31-a0-237-g2d982f9f85 (webtiles) character file.

Game seed: 17387478655169588966

109 qw the Shooter (level 4, -4/37 HPs)
             Began as a Minotaur Hexslinger on July 11, 2023.
             Slain by a gnoll
             ... wielding a +0 spear
              (5 damage)
             ... on level 3 of the Dungeon.
             The game lasted 00:00:56 (1786 turns).

qw the Shooter (Minotaur Hexslinger)                Turns: 1786, Time: 00:00:56

Health: -4/37      AC:  3    Str: 13    XL:     4   Next: 60%
Magic:  4/4        EV: 12    Int: 10    God:
Gold:   112        SH:  0    Dex: 14    Spells: 4/5 levels left

rFire   . . .        Y - +1 sling
rCold   . . .        (no shield)
rNeg    . . .        e - +0 leather armour
rPois   .            (helmet restricted)
rElec   .            (no cloak)
rCorr   .            (no gloves)
SInv    .            (no boots)
Will    .....        (no amulet)
Stlth   +            (no ring)
HPRegen 0.26/turn    (no ring)
MPRegen 0.09/turn

%: no passive effects
@: no status effects
A: horns 2, retaliatory headbutt
a: no special abilities


You were on level 3 of the Dungeon.
You visited 1 branch of the dungeon, and saw 3 of its levels.

You collected 112 gold pieces.


Innate Abilities, Weirdness & Mutations

You have a pair of horns on your head.
You reflexively headbutt those who attack you in melee.


   Skills:
 + Level 2.4 Fighting
 - Level 5.0 Ranged Weapons
 - Level 2.1 Dodging
 - Level 1.0 Spellcasting
 - Level 2.0 Hexes


You had 4 spell levels left.
You knew the following spells:

 Your Spells              Type           Power      Damage    Failure   Level
a - Slow                  Hex            16%        N/A       19%         1

Your spell library contained the following spells:

 Spells                   Type           Power      Damage    Failure   Level
 Inner Flame              Hex/Fire       2%         N/A       65%         3
 Portal Projectile        Hex/Tloc       4%         N/A       65%         3
 Cause Fear               Hex            2%         N/A       88%         4

Inventory:

Hand Weapons
 Y - a +1 sling (weapon)
Armour
 e - a +0 leather armour (worn)
Scrolls
 a - a scroll of identify
Potions
 d - 2 potions of curing {unknown}

Dungeon Overview and Level Annotations

Branches:
Dungeon (3/15)

Altars:


Message History

The gnoll shouts! x2; You hear a shout!
Enter note:
Enter note:
Enter note:
Enter note: You shoot a sling bullet.
The sling bullet hits the gnoll.
The gnoll is lightly wounded.
You shoot a sling bullet.
The sling bullet hits the gnoll but does no damage.
The gnoll is lightly wounded.
A gnoll comes into view. It is wielding a +0 flail.
You shoot a sling bullet.
The sling bullet hits the gnoll but does no damage.
The gnoll is lightly wounded.
You shoot a sling bullet. The sling bullet hits the gnoll.
The gnoll is heavily wounded.
The gnoll hits you from afar with a +0 spear.
You shoot a sling bullet. The sling bullet hits the gnoll.
The gnoll is almost dead.
The gnoll hits you from afar with a +0 spear!
The gnoll misses you. You furiously retaliate!
You headbutt the gnoll.
You kill the gnoll!
You shoot a sling bullet. The sling bullet hits the gnoll.
The gnoll is heavily wounded.
The gnoll hits you from afar with a +0 spear.
The gnoll hits you with a +0 flail.
You shoot a sling bullet. The sling bullet hits the gnoll.
The gnoll is almost dead.
The gnoll barely misses you. The gnoll misses you.
You shoot a sling bullet.
The sling bullet barely misses the gnoll.
The sling bullet hits the gnoll.
The gnoll is heavily wounded.
The gnoll hits you with a +0 flail!
The gnoll hits you from afar with a +0 spear.
The gnoll barely misses you. The gnoll hits you with a +0 flail.
You shoot a sling bullet.
The sling bullet barely misses the gnoll. x3
The gnoll hits you from afar with a +0 spear.
You die...

#........# #.....#
#........#####.....#
#..................#
#######.......######
#.......# #.......#
#######.......#
#.............#
#...@##########
#...)g......
####..g....¤
#.......¤ #.......¤
#......~¤ ##.....~~
....~8g


You could see 3 gnolls.

Vanquished Creatures
  A gnoll (D:3)
  2 adders (D:2)
  3 worms (D:2)
  4 dart slugs
  7 bats
  4 endoplasms
  2 giant cockroaches
  3 goblins (D:2)
  8 hobgoblins
  3 jackals (D:1)
  5 quokkas
  5 ball pythons
  A frilled lizard (D:1)
  4 kobolds
  10 rats
62 creatures vanquished.

Notes
Turn   | Place    | Note
-------+----------+-------------------------------------------
     0 | D:1      | qw the Minotaur Hexslinger began the quest for the Orb.
     0 | D:1      | Reached XP level 1. HP: 16/16 MP: 1/1
     0 | D:1      | 0 ||| qw: Version: 0.3-a-52-g30416fa
     0 | D:1      | 0 ||| qw: Game counter: 5869
     0 | D:1      | 0 ||| qw: Melee chars always use a shield: true
     0 | D:1      | 0 ||| qw: God list: Okawaru
     0 | D:1      | 0 ||| qw: Allow faded altars: false
     0 | D:1      | 0 ||| qw: Do Orc after clearing Dungeon:15 true
     0 | D:1      | 0 ||| qw: Do second Lair branch before Depths: true
     0 | D:1      | 0 ||| qw: Lair rune preference: random
     0 | D:1      | 0 ||| qw: Goals: Normal
     0 | D:1      | 0 ||| PLANNING D:1-11
    69 | D:1      | Reached skill level 3 in Ranged Weapons
    69 | D:1      | Reached XP level 2. HP: 23/23 MP: 2/2
   396 | D:1      | Reached XP level 3. HP: 23/29 MP: 3/3
   407 | D:1      | 407 ||| FLEEEEING.
   692 | D:1      | 692 ||| UPGRADING to +0 leather armour.
   702 | D:1      | 702 ||| DROPPING +0 robe.
   703 | D:1      | 703 ||| READING 3 scrolls labelled FOAMEUNIYL.
   704 | D:1      | 704 ||| DROPPING scroll of poison.
   781 | D:2      | Reached skill level 4 in Ranged Weapons
   841 | D:2      | Found a faded altar of an unknown god.
  1061 | D:2      | Reached XP level 4. HP: 36/36 MP: 4/4
  1406 | D:2      | 1406 ||| FLEEEEING.
  1610 | D:2      | 1610 ||| READING scroll labelled ORY DOREJUHIZ.
  1611 | D:2      | 1611 ||| READING 2 scrolls of identify.
  1611 | D:2      | 1611 ||| IDENTIFYING fuming puce potion
  1612 | D:2      | 1612 ||| DROPPING potion of attraction.
  1703 | D:3      | Reached skill level 5 in Ranged Weapons
  1785 | D:3      | HP: 9/37 [gnoll/+0 flail (7)]
  1785 | D:3      | HP: 1/37 [gnoll/+0 flail (6)]
  1786 | D:3      | Slain by a gnoll

Levels and vault maps discovered:
D:1:      dpeg_arrival_ratfight, layout_loops_cross, wad_floor_pattern_2
D:2:      layout_basic, ebering_ecumenical_altar_mist
D:3:      layout_basic, nicolae_hepliaklqana_hazy_memory, demons_altar,
          nicolae_elevator_lobby_plus

Skill      XL: |  1  2  3  4 |
---------------+-------------+-----
Ranged Weapons | 3 4 5 |  5.0
Fighting       | 2 |  2.4
Dodging        | |  2.1
Spellcasting   | |  1.0
Hexes          | |  2.0

Action                     |  1- 3 |  4- 6 || total
---------------------------+-------+-------++-------
   Fire: Sling             |   151 |    62 ||   213
    Use: Scroll            |     1 |     2 ||     3
 Armour: Robe              |     7 |       ||     7
         Leather armour    |     7 |     6 ||    13
  Dodge: Dodged            |    42 |    19 ||    61

Table legend:
 A = Non-vault XP
 B = Vault XP
 C = Vault XP percentage of total XP
 D = Non-vault monster count
 E = Vault monster count
 F = Vault count percentage of total count
                 A         B        C        D         E       F
            +---------+---------+-------+---------+---------+-------
      Total |     152 |       5 |   3.2 |      57 |       5 |   8.1
            +---------+---------+-------+---------+---------+-------
        D:1 |      51 |       5 |   8.9 |      27 |       5 |  15.6
        D:2 |      78 |       0 |   0.0 |      24 |       0 |   0.0
        D:3 |      23 |       0 |   0.0 |       6 |       0 |   0.0
            +---------+---------+-------+---------+---------+-------
